 Dungeon Crawl Stone Soup version 0.27-a0-789-g6bb3289e1e (webtiles) character file.

Game seed: 3836024965447532475

144 Lanoc the Digger (level 5, -3/37 HPs)
             Began as a Gnoll Earth Elementalist on Mar 26, 2021.
             Slain by Sigmund
             ... wielding a +0 scythe
              (6 damage)
             ... on level 2 of the Dungeon.
             The game lasted 00:02:18 (2078 turns).

Lanoc the Digger (Gnoll Earth Elementalist)         Turns: 2078, Time: 00:02:18

Health: -3/37      AC:  2    Str:  8    XL:     5   Next: 27%
Magic:  10/12      EV: 13    Int: 15    God:
Gold:   20         SH:  0    Dex: 12    Spells: 13/14 levels left

rFire    . . .     SeeInvis .   h - staff of conjuration
rCold    . . .     Faith    .   (no shield)
rNeg     . . .     Spirit   .   c - +0 robe
rPois    .         Reflect  .   (no helmet)
rElec    .         Harm     .   (no cloak)
rCorr    .         Rampage  .   (no gloves)
Will     .....                  (no boots)
Stlth    +++.......             (no amulet)
HPRegen  0.12/turn              (no ring)
MPRegen  0.13/turn              (no ring)

@: mighty
A: fangs 1, strong nose, distributed training
a: no special abilities


You were on level 2 of the Dungeon.
You visited 1 branch of the dungeon, and saw 2 of its levels.

You collected 20 gold pieces.

Inventory:

Missiles
 b - 31 stones
Armour
 c - a +0 robe (worn)
Magical Staves
 h - a staff of conjuration (weapon)
Wands
 k - a wand of flame (22)
Scrolls
 a - a scroll of vulnerability {unknown}
 e - a scroll of fog {unknown}
 f - a scroll of amnesia {unknown}
 i - a scroll of identify {unknown}
 j - a scroll of noise {unknown}


   Skills:
 + Level 1.4 Fighting
 + Level 1.4 Short Blades
 + Level 1.4 Long Blades
 + Level 1.4 Axes
 + Level 1.4 Maces & Flails
 + Level 1.4 Polearms
 + Level 1.4 Staves
 + Level 1.4 Slings
 + Level 1.4 Bows
 + Level 1.4 Crossbows
 + Level 1.4 Throwing
 + Level 1.4 Armour
 + Level 4.7 Dodging
 + Level 4.4 Stealth
 + Level 1.4 Shields
 + Level 1.4 Unarmed Combat
 + Level 5.2 Spellcasting
 + Level 1.1 Conjurations
 + Level 1.1 Hexes
 + Level 1.1 Summonings
 + Level 1.1 Necromancy
 + Level 1.1 Translocations
 + Level 2.3 Transmutations
 + Level 1.1 Fire Magic
 + Level 1.1 Ice Magic
 + Level 1.1 Air Magic
 + Level 5.5 Earth Magic
 + Level 1.1 Poison Magic
 + Level 1.6 Invocations
 + Level 1.4 Evocations


You had 13 spell levels left.
You knew the following spells:

 Your Spells              Type           Power      Damage    Failure   Level
a - Sandblast             Erth           40%        2d10      1%          1

Your spell library contained the following spells:

 Spells                   Type           Power      Damage    Failure   Level
 Passwall                 Tmut/Erth      12%        N/A       4%          2
 Magic Dart               Conj           44%        1d5       10%         1
 Stone Arrow              Conj/Erth      40%        3d9       12%         3
 Blink                    Tloc           N/A        N/A       16%         2
 Call Imp                 Summ           7%         N/A       16%         2
 Slow                     Hex            7%         N/A       16%         2
 Conjure Flame            Conj/Fire      11%        6-21      30%         3
 Mephitic Cloud           Conj/Pois/Air  11%        N/A       30%         3
 Petrify                  Tmut/Erth      15%        N/A       30%         4
 Lee's Rapid Deconstruct  Erth           10%        3d9*      41%         5


Dungeon Overview and Level Annotations

Branches:
Dungeon (2/15)

Altars:
Elyvilon
Hepliaklqana

Annotations:
D:2 Sigmund


Innate Abilities, Weirdness & Mutations

You have very sharp teeth.
Your uncanny sense of smell can sniff out nearby items.
Your experience applies equally to all skills.


Message History

Sigmund casts a spell at you.
You are confused.
It was a potion of might.
You feel very mighty all of a sudden.
It was a potion of curing.
You feel better.
Casting: Sandblast (safe; 1% risk of failure)
Confirm with . or Enter, or press ? or * to list all spells.
Aiming: Sandblast (safe; 1% risk of failure)
Press: ? - help, Shift-Dir - straight line, f - Sigmund
Aim: Sigmund, wielding a +0 scythe and wearing a +0 robe (22% to evade)
The blast of sand misses Sigmund.
Sigmund hits you from afar with a +0 scythe!
Casting: Sandblast (safe; 1% risk of failure)
Confirm with . or Enter, or press ? or * to list all spells.
Aiming: Sandblast (safe; 1% risk of failure)
Press: ? - help, Shift-Dir - straight line, f/p - Sigmund
Aim: Sigmund, wielding a +0 scythe and wearing a +0 robe (22% to evade)
The blast of sand hits Sigmund!
Sigmund is moderately wounded.
Sigmund closely misses you.
Casting: Sandblast (safe; 1% risk of failure)
Confirm with . or Enter, or press ? or * to list all spells.
Aiming: Sandblast (safe; 1% risk of failure)
Press: ? - help, Shift-Dir - straight line, f/p - Sigmund
Aim: Sigmund, wielding a +0 scythe and wearing a +0 robe (moderately wounded, 22% to evade)
The blast of sand hits Sigmund!
Sigmund is severely wounded.
Sigmund points at himself and mumbles some strange words.
Sigmund flickers and vanishes!
Deactivating autopickup; reactivate with Ctrl-A.
Things that are here:
a dart slug corpse; a rat corpse You hear some strange, mumbled words.
You are confused.
You bump into the rock wall.
Something hits you!
* * * LOW HITPOINT WARNING * * *
You feel less confused. Something hits you.
You die...

..#..........# #.###..##.##
.. .
..).#........###........>.##
...∆
....###....................#.
....###.....................#
....#.........###...........#
......#......†###...........#
....###...#.#..†.............
..........#.#.########..###..
..#.###...._..{.@.......... .
..#.#####.#.##############.
..#..# #....##### .
..##.####.........
..##...#..........
[.##.....#........
...#...###........ ...#...#
########. ...#####


There were no monsters in sight!

Vanquished Creatures
  A black bear (D:2)
  Jessica (D:2)
  A dart slug (D:2)
  2 bats (D:1)
  An endoplasm (D:2)
  4 goblins
  2 hobgoblins
  5 jackals (D:2)
  A quokka (D:1)
  4 ball pythons
  2 frilled lizards (D:1)
  A kobold (D:1)
  5 rats
30 creatures vanquished.

Notes
Turn   | Place    | Note
-------+----------+-------------------------------------------
     0 | D:1      | Lanoc the Gnoll Earth Elementalist began the quest for the
                  | Orb.
     0 | D:1      | Reached XP level 1. HP: 13/13 MP: 6/6
   546 | D:1      | Reached XP level 2. HP: 19/19 MP: 7/7
  1632 | D:2      | Noticed a black bear
  1676 | D:2      | Killed a black bear
  1676 | D:2      | Noticed Sigmund
  1677 | D:2      | Reached skill level 1 in Fighting
  1677 | D:2      | Reached skill level 1 in Short Blades
  1677 | D:2      | Reached skill level 1 in Long Blades
  1677 | D:2      | Reached skill level 1 in Axes
  1677 | D:2      | Reached skill level 1 in Maces & Flails
  1677 | D:2      | Reached skill level 1 in Polearms
  1677 | D:2      | Reached skill level 1 in Staves
  1677 | D:2      | Reached skill level 1 in Slings
  1677 | D:2      | Reached skill level 1 in Bows
  1677 | D:2      | Reached skill level 1 in Crossbows
  1677 | D:2      | Reached skill level 1 in Throwing
  1677 | D:2      | Reached skill level 1 in Armour
  1677 | D:2      | Reached skill level 1 in Shields
  1677 | D:2      | Reached skill level 1 in Unarmed Combat
  1677 | D:2      | Reached skill level 5 in Spellcasting
  1677 | D:2      | Reached skill level 1 in Conjurations
  1677 | D:2      | Reached skill level 1 in Hexes
  1677 | D:2      | Reached skill level 1 in Summonings
  1677 | D:2      | Reached skill level 1 in Necromancy
  1677 | D:2      | Reached skill level 1 in Translocations
  1677 | D:2      | Reached skill level 1 in Fire Magic
  1677 | D:2      | Reached skill level 1 in Ice Magic
  1677 | D:2      | Reached skill level 1 in Air Magic
  1677 | D:2      | Reached skill level 1 in Poison Magic
  1677 | D:2      | Reached skill level 1 in Invocations
  1677 | D:2      | Reached skill level 1 in Evocations
  1677 | D:2      | Reached XP level 3. HP: 15/26 MP: 4/9
  1677 | D:2      | Reached XP level 4. HP: 19/32 MP: 4/11
  1846 | D:2      | Found a hazy altar of Hepliaklqana.
  1904 | D:2      | Found a white marble altar of Elyvilon.
  1934 | D:2      | Noticed Jessica
  1939 | D:2      | Killed Jessica
  1940 | D:2      | Reached XP level 5. HP: 37/37 MP: 10/12
  2078 | D:2      | Slain by Sigmund

Illustrated notes

Levels and vault maps discovered:
D:1:      dpeg_arrival_rooms_a, layout_basic
D:2:      layout_rooms, nicolae_sif_muna_little_library, lemuel_crystal_altar,
          chequers_ecumenical_altar_simple_redux, elyvilon_altar_3,
          uniq_jessica, uniq_sigmund

Skill      XL: |  1  2 |
---------------+-------+-----
Transmutations | 2 |  2.3
Fighting       | 1 |  1.4
Short Blades   | 1 |  1.4
Long Blades    | 1 |  1.4
Axes           | 1 |  1.4
Maces & Flails | 1 |  1.4
Polearms       | 1 |  1.4
Staves         | 1 |  1.4
Slings         | 1 |  1.4
Bows           | 1 |  1.4
Crossbows      | 1 |  1.4
Throwing       | 1 |  1.4
Armour         | 1 |  1.4
Shields        | 1 |  1.4
Unarmed Combat | 1 |  1.4
Spellcasting   | 5 |  5.2
Conjurations   | 1 |  1.1
Hexes          | 1 |  1.1
Summonings     | 1 |  1.1
Necromancy     | 1 |  1.1
Translocations | 1 |  1.1
Fire Magic     | 1 |  1.1
Ice Magic      | 1 |  1.1
Air Magic      | 1 |  1.1
Poison Magic   | 1 |  1.1
Invocations    | 1 |  1.6
Evocations     | 1 |  1.4
Dodging        | |  4.7
Stealth        | |  4.4
Earth Magic    | |  5.5

Action                   |  1- 3 |  4- 6 || total
-------------------------+-------+-------++-------
Melee: Unarmed           |    27 |       ||    27
       Dagger            |    37 |     4 ||    41
       Bite              |     6 |     2 ||     8
       Staff             |       |    35 ||    35
 Cast: Sandblast         |    10 |     4 ||    14
  Use: Potion            |       |     2 ||     2
 Stab: Sleeping          |     5 |     1 ||     6
Armor: Robe              |     8 |     6 ||    14
Dodge: Dodged            |    40 |    35 ||    75

Table legend: (Time is in decaauts)
 A = Elapsed time spent in this place.
 B = Non-inter-level travel time spent in this place.
 C = Inter-level travel time spent in this place.
 D = Time resting spent in this place.
 E = Time spent auto-exploring this place.
 F = Levels seen in this place.
 G = Mean time per level.
                   A        B        C        D        E       F      G
               +--------+--------+--------+--------+--------+-----+--------+
         Total |   2080 |   2046 |     34 |    112 |   1642 |   2 | 1040.0 |
       Dungeon |   2080 |   2046 |     34 |    112 |   1642 |   2 | 1040.0 |
               +--------+--------+--------+--------+--------+-----+--------+

Top non-repeatable levels by time:
     D:1: 1358 daAuts
     D:2: 721 daAuts
